[Event "CZE-tht Extraliga 2018-19"]
[Site "Czech Republic"]
[Date "2019.02.10"]
[Round "8.4"]
[White "Kraus, Tomas"]
[Black "Koziol, Kamil"]
[Result "1/2-1/2"]
[ECO "D04"]
[WhiteElo "2458"]
[BlackElo "2265"]
[Annotator "ChessBase"]
[PlyCount "132"]
[EventDate "2018.11.03"]
[EventType "team-tourn"]
[EventCountry "CZE"]
[SourceTitle "playchess.com"]
[Source "ChessBase"]
[SourceQuality "1"]
[WhiteTeam "Turnov"]
[BlackTeam "Ostrava"]
[TimeControl "40/5400+30:1800+30"]

1. d4 Nf6 2. Nf3 d5 3. e3 c5 4. c4 e6 5. a3 a6 6. dxc5 Bxc5 7. b4 Be7 8. Nbd2 O-O 9. Bb2 b6 10. Bd3 Bb7 11. O-O Nbd7 12. Qb1 h6 13. Rd1 Rc8 14. Qa2 Qc7 15. Rac1 Qb8 16. Qa1 dxc4 17. Nxc4 Rfd8 18. Nfe5 b5 19. Na5 Nxe5 20. Bxe5 Qa8 21. Rxc8 Rxc8 22. Nxb7 Qxb7 23. Be2 Qb6 24. Rc1 Qd8 25. Rxc8 Qxc8 26. Bf3 Ne8 27. g3 Bf6 28. Bxf6 Nxf6 29. Kg2 Qc7 30. a4 Qc4 31. axb5 Qxb5 32. Qc3 Nd5 33. Qc8+ Kh7 34. Qf8 Qd7 35. h4 Nc7 36. h5 Qe8 37. Qd6 Qc8 38. Be2 Qb7+ 39. Kg1 Qc8 40. Qc6 Qb8 41. Bd3+ Kg8 42. e4 Kh8 43. Bc4 Kg8 44. Kg2 Nb5 45. Qxa6 Nd6 46. e5 Nxc4 47. Qxc4 Qa8+ 48. f3 Qa4 49. Kf2 Qa7+ 50. Ke2 Qa1 51. f4 Qh1 52. b5 Qg2+ 53. Kd1 Qxg3 54. Qb4 Qd3+ 55. Kc1 Qe3+ 56. Kc2 Qe2+ 57. Kc3 Qe1+ 58. Kc4 Qe4+ 59. Kb3 Qb1+ 60. Ka4 Qa1+ 61. Qa3 Qd4+ 62. Qb4 Qa1+ 63. Kb3 Qb1+ 64. Kc4 Qe4+ 65. Kc3 Qe1+ 66. Kb3 Qb1+ 1/2-1/2

[Event "CZE-tht Extraliga 2018-19"]
[Site "Czech Republic"]
[Date "2019.02.10"]
[Round "8.4"]
[White "Blohberger, Felix"]
[Black "Vrbata, Zbynek"]
[Result "1-0"]
[ECO "A05"]
[WhiteElo "2451"]
[BlackElo "2344"]
[Annotator "ChessBase"]
[PlyCount "67"]
[EventDate "2018.11.03"]
[EventType "team-tourn"]
[EventCountry "CZE"]
[SourceTitle "playchess.com"]
[Source "ChessBase"]
[SourceQuality "1"]
[WhiteTeam "Duras"]
[BlackTeam "Siesta B"]
[TimeControl "40/5400+30:1800+30"]

1. Nf3 Nf6 2. c4 g6 3. b3 Bg7 4. Bb2 O-O 5. Nc3 c6 6. e3 Re8 7. d4 d5 8. Bd3 Bg4 9. h3 Bxf3 10. Qxf3 e6 11. O-O Nbd7 12. Rfd1 Qe7 13. Bf1 Rac8 14. Rac1 Red8 15. a3 h6 16. Qe2 Qe8 17. g3 dxc4 18. bxc4 e5 19. Qc2 exd4 20. exd4 Nb6 21. a4 Qe6 22. a5 Na8 23. Na4 b6 24. axb6 axb6 25. Bg2 b5 26. Nc5 Qe7 27. Re1 Qc7 28. cxb5 cxb5 29. Qb3 Qb6 30. Re7 Rf8 31. Ne6 Rxc1+ 32. Bxc1 Rc8 33. Nxg7 Rxc1+ 34. Bf1 1-0

[Event "CZE-tht Extraliga 2018-19"]
[Site "Czech Republic"]
[Date "2019.02.10"]
[Round "8.4"]
[White "Langner, Ladislav"]
[Black "Bernasek, Jan"]
[Result "0-1"]
[ECO "B12"]
[WhiteElo "2391"]
[BlackElo "2475"]
[Annotator "ChessBase"]
[PlyCount "70"]
[EventDate "2018.11.03"]
[EventType "team-tourn"]
[EventCountry "CZE"]
[SourceTitle "playchess.com"]
[Source "ChessBase"]
[SourceQuality "1"]
[WhiteTeam "Cesky Tesin"]
[BlackTeam "Siesta"]
[TimeControl "40/5400+30:1800+30"]

1. e4 c6 2. d4 d5 3. e5 Bf5 4. Nd2 e6 5. Nb3 Nd7 6. Nf3 Ne7 7. Be3 Nc8 8. a4 Be7 9. Be2 a6 10. O-O O-O 11. Nfd2 f6 12. f4 fxe5 13. fxe5 Qe8 14. c4 dxc4 15. Bxc4 Qg6 16. Na5 Ncb6 17. Nxb7 Nxc4 18. Nxc4 Bd3 19. Rxf8+ Rxf8 20. Nd2 Nb6 21. Nc5 Nd5 22. Qe1 Rb8 23. Ra3 Bxc5 24. dxc5 Rxb2 25. Qh4 Rb8 26. Qd4 Bf5 27. Qc4 a5 28. Rb3 Rxb3 29. Qxb3 Bh3 30. g3 h6 31. Bd4 Bf5 32. Qb7 Qg4 33. Qb2 Qd1+ 34. Kf2 Bd3 35. h4 Qh1 0-1

[Event "CZE-tht Extraliga 2018-19"]
[Site "Czech Republic"]
[Date "2019.02.10"]
[Round "8.5"]
[White "Oral, Tomas"]
[Black "Blatny, Pavel"]
[Result "1-0"]
[ECO "C10"]
[WhiteElo "2510"]
[BlackElo "2337"]
[Annotator "ChessBase"]
[PlyCount "81"]
[EventDate "2018.11.03"]
[EventType "team-tourn"]
[EventCountry "CZE"]
[SourceTitle "playchess.com"]
[Source "ChessBase"]
[SourceQuality "1"]
[WhiteTeam "Lysa nad Labem"]
[BlackTeam "Brno"]
[TimeControl "40/5400+30:1800+30"]

1. e4 e6 2. d4 d5 3. Nd2 dxe4 4. Nxe4 Nd7 5. Nf3 Ngf6 6. Nxf6+ Nxf6 7. Bg5 c5 8. Bc4 a6 9. Qe2 b5 10. Bd3 Qa5+ 11. c3 cxd4 12. Bxf6 gxf6 13. Nxd4 b4 14. Be4 bxc3 15. b4 Qxb4 16. O-O Qxd4 17. Rfd1 Qc5 18. Bxa8 Bh6 19. Qc2 f5 20. Qa4+ Kf8 21. Qh4 Bd2 22. Rxd2 cxd2 23. Qd8+ Kg7 24. Qg5+ Kf8 25. Qd8+ Kg7 26. Qg5+ Kf8 27. Qxd2 Qa7 28. Qc3 Qxa8 29. Qxh8+ Ke7 30. Rc1 Bb7 31. Rc7+ Kd6 32. Qxa8 Bxa8 33. Rxf7 Bd5 34. a3 h5 35. Rh7 Kc5 36. Rxh5 Kb5 37. Rh7 Ka4 38. Ra7 Bc4 39. h4 f4 40. h5 Bd3 41. h6 1-0

[Event "CZE-tht Extraliga 2018-19"]
[Site "Czech Republic"]
[Date "2019.02.10"]
[Round "8.5"]
[White "Kanovsky, David"]
[Black "Jirovsky, Milos"]
[Result "1-0"]
[ECO "B01"]
[WhiteElo "2424"]
[BlackElo "2455"]
[Annotator "ChessBase"]
[PlyCount "121"]
[EventDate "2018.11.03"]
[EventType "team-tourn"]
[EventCountry "CZE"]
[SourceTitle "playchess.com"]
[Source "ChessBase"]
[SourceQuality "1"]
[WhiteTeam "Poruba"]
[BlackTeam "Pardubice"]
[TimeControl "40/5400+30:1800+30"]

1. e4 d5 2. exd5 Qxd5 3. Nc3 Qd6 4. d4 Nf6 5. Nf3 c6 6. Ne5 Nbd7 7. Bf4 Nd5 8. Nxd5 Qxd5 9. Be2 Nxe5 10. Bxe5 f6 11. Bg3 Bh3 12. Bf3 Qe6+ 13. Qe2 Qxe2+ 14. Kxe2 Bf5 15. c4 e6 16. Rhd1 Rd8 17. Rac1 Bd6 18. Ke3 Kf7 19. Bxd6 Rxd6 20. b4 Rhd8 21. a4 e5 22. d5 cxd5 23. Rxd5 Rxd5 24. Bxd5+ Be6 25. a5 b6 26. axb6 axb6 27. Ke4 b5 28. Rd1 Ke7 29. c5 Rd7 30. f3 h5 31. h4 g6 32. g3 Kd8 33. f4 exf4 34. gxf4 Kc7 35. Rd4 Bf5+ 36. Ke3 Re7+ 37. Kf2 Rd7 38. Ke3 Re7+ 39. Be4 Bd7 40. Kd2 Rg7 41. Rd6 g5 42. hxg5 fxg5 43. f5 Rf7 44. f6 h4 45. Bd5 Rf8 46. f7 g4 47. Rg6 Kd8 48. c6 Bc8 49. Ke3 h3 50. Kf2 Ke7 51. Kg3 Bf5 52. Rg5 Be6 53. Bxe6 Kxe6 54. c7 h2 55. Kxh2 Rh8+ 56. Kg3 Kxf7 57. Rxb5 Rc8 58. Rb7 Ke6 59. b5 Kd7 60. b6 Rf8 61. Rb8 1-0

[Event "CZE-tht Extraliga 2018-19"]
[Site "Czech Republic"]
[Date "2019.02.10"]
[Round "8.5"]
[White "Kuba, Jindrich"]
[Black "Roubalik, Jakub"]
[Result "1/2-1/2"]
[ECO "C88"]
[WhiteElo "2310"]
[BlackElo "2412"]
[Annotator "NA"]
[PlyCount "104"]
[EventDate "2018.11.03"]
[EventType "team-tourn"]
[EventCountry "CZE"]
[SourceTitle "playchess.com"]
[Source "ChessBase"]
[SourceQuality "1"]
[WhiteTeam "Siesta B"]
[BlackTeam "Duras"]
[TimeControl "40/5400+30:1800+30"]

1. e4 e5 2. Nf3 Nc6 3. Bb5 a6 4. Ba4 Nf6 5. O-O Be7 6. Re1 b5 7. Bb3 O-O 8. d3 d6 9. h3 Na5 10. Nbd2 Nxb3 11. axb3 Re8 12. Nf1 Bf8 13. c4 Bb7 14. Bg5 h6 15. Bd2 g6 16. Qc1 Kh7 17. Ng3 Qd7 18. Nh4 Qd8 19. Nf3 Nd7 20. Nh2 Nc5 21. Qc2 Ne6 22. Ne2 Bg7 23. Ra5 c6 24. Ra3 a5 25. Rea1 b4 26. R3a2 d5 27. Nf1 dxe4 28. dxe4 c5 29. Nfg3 Bc6 30. f3 Kg8 31. Nf1 Nd4 32. Nxd4 cxd4 33. Qd3 Rf8 34. Ng3 h5 35. Nh1 Qb6 36. Nf2 f5 37. Re1 Qc5 38. Kh2 Rf7 39. Qc2 Qb6 40. Qd3 Qc5 41. Rea1 Qb6 42. Re1 Qc5 43. Rea1 Bf8 44. Bg5 Bd6 45. Kh1 Bc7 46. Rg1 Qb6 47. Raa1 Qb7 48. Rae1 Raf8 49. Bh6 Rd8 50. Bg5 Rdf8 51. Bh6 Rd8 52. Bg5 Re8 1/2-1/2

[Event "CZE-tht Extraliga 2018-19"]
[Site "Czech Republic"]
[Date "2019.02.10"]
[Round "8.5"]
[White "Skalsky, Alexandr"]
[Black "Jaracz, Pawel"]
[Result "1/2-1/2"]
[ECO "B13"]
[WhiteElo "2102"]
[BlackElo "2464"]
[Annotator "ChessBase"]
[PlyCount "62"]
[EventDate "2018.11.03"]
[EventType "team-tourn"]
[EventCountry "CZE"]
[SourceTitle "playchess.com"]
[Source "ChessBase"]
[SourceQuality "1"]
[WhiteTeam "Ostrava"]
[BlackTeam "Turnov"]
[TimeControl "40/5400+30:1800+30"]

1. e4 c6 2. d4 d5 3. exd5 cxd5 4. Bd3 Nc6 5. c3 Qc7 6. Ne2 Bg4 7. O-O e6 8. Qe1 Bxe2 9. Qxe2 Bd6 10. h3 Nf6 11. Nd2 O-O 12. Nf3 Rfe8 13. Be3 a6 14. Rad1 b5 15. a3 Na5 16. g4 Nc4 17. Bg5 Nd7 18. Bc1 Bf4 19. Bxc4 bxc4 20. Bxf4 Qxf4 21. Qe3 Qxe3 22. fxe3 Rab8 23. Rf2 Rb7 24. e4 Nf6 25. exd5 exd5 26. Re1 Rxe1+ 27. Nxe1 Ne4 28. Re2 Kf8 29. Ng2 Ng3 30. Re3 Ne4 31. Re2 Ng3 1/2-1/2

[Event "CZE-tht Extraliga 2018-19"]
[Site "Czech Republic"]
[Date "2019.02.10"]
[Round "8.6"]
[White "Vlasak, Lukas"]
[Black "Richterova, Natasa"]
[Result "1-0"]
[ECO "D00"]
[WhiteElo "2416"]
[BlackElo "2216"]
[Annotator "NA"]
[PlyCount "111"]
[EventDate "2018.11.03"]
[EventType "team-tourn"]
[EventCountry "CZE"]
[SourceTitle "playchess.com"]
[Source "ChessBase"]
[SourceQuality "1"]
[WhiteTeam "Turnov"]
[BlackTeam "Ostrava"]
[TimeControl "40/5400+30:1800+30"]

1. d4 d5 2. Bf4 Nf6 3. e3 c5 4. Nf3 Nc6 5. Nbd2 e6 6. c3 Be7 7. Bd3 O-O 8. Ne5 Bd7 9. Qf3 Nxe5 10. dxe5 Ne8 11. Qh3 g6 12. Nf3 Ng7 13. Qh6 f6 14. h4 Nf5 15. Bxf5 exf5 16. exf6 Bxf6 17. Ng5 Qe7 18. Bd6 Qg7 19. Qxg7+ Kxg7 20. Bxf8+ Rxf8 21. O-O-O d4 22. exd4 cxd4 23. Nf3 Kf7 24. Nxd4 b5 25. Rhe1 Rc8 26. Nf3 Be8 27. Kb1 h6 28. Rd6 Be7 29. Ra6 Bc5 30. h5 gxh5 31. Rxh6 Kg7 32. Rhe6 Bf7 33. R6e2 b4 34. Rc2 b3 35. axb3 Bxb3 36. Rd2 Kf6 37. Nd4 Bg8 38. f4 Bd6 39. g3 Bb8 40. Nf3 a5 41. Ne5 Be6 42. Rh2 Rh8 43. Reh1 Bxe5 44. fxe5+ Kg5 45. Rh4 Bd5 46. Re1 Re8 47. Kc2 Rb8 48. e6 Re8 49. e7 Kf6 50. c4 Bf7 51. Rd4 Rg8 52. Rd6+ Kg7 53. c5 Be8 54. c6 Kf7 55. c7 Rh8 56. Rd8 1-0

[Event "CZE-tht Extraliga 2018-19"]
[Site "Czech Republic"]
[Date "2019.02.10"]
[Round "8.6"]
[White "Neuman, Petr"]
[Black "Londyn, Radek"]
[Result "1/2-1/2"]
[ECO "A13"]
[WhiteElo "2404"]
[BlackElo "2399"]
[Annotator "NA"]
[PlyCount "232"]
[EventDate "2018.11.03"]
[EventType "team-tourn"]
[EventCountry "CZE"]
[SourceTitle "playchess.com"]
[Source "ChessBase"]
[SourceQuality "1"]
[WhiteTeam "Pardubice"]
[BlackTeam "Poruba"]
[TimeControl "40/5400+30:1800+30"]

1. c4 e6 2. g3 d5 3. Bg2 dxc4 4. Na3 Bxa3 5. bxa3 Nd7 6. Bb2 Ngf6 7. Qa4 b5 8. Qc2 Rb8 9. a4 Bb7 10. Bxb7 Rxb7 11. axb5 Rxb5 12. Nf3 O-O 13. O-O e5 14. a4 Rd5 15. e4 Rd3 16. Ne1 Rd6 17. Ba3 c5 18. Ng2 Qa5 19. Rfd1 Rd8 20. Bb2 Qb4 21. Ne3 Qb3 22. Qxb3 cxb3 23. f3 Ra6 24. Kf2 Ne8 25. Bc3 Nd6 26. d3 f6 27. Ke2 Rb8 28. Bb2 Kf7 29. Nd5 Nb6 30. Nc3 Nb7 31. Bc1 Na5 32. Be3 Nc6 33. a5 Rxa5 34. Rxa5 Nxa5 35. Ra1 Nc6 36. Bxc5 a5 37. Kd2 b2 38. Rb1 Nd4 39. Bxd4 exd4 40. Nb5 Na4 41. Nxd4 Nc5 42. Kc3 Rd8 43. Nc6 Rc8 44. Nxa5 Nxe4+ 45. Kd4 Nd2 46. Rxb2 Nxf3+ 47. Ke3 Ne5 48. Nc4 Nxc4+ 49. dxc4 Rxc4 50. h4 h5 51. Rb5 Kg6 52. Kf3 Rg4 53. Rb6 Kh7 54. Rb5 Kh6 55. Rb6 Ra4 56. Rc6 Ra5 57. Rb6 Rf5+ 58. Kg2 Kg6 59. Ra6 Rc5 60. Ra7 Rc3 61. Ra5 Re3 62. Rb5 Re5 63. Rb7 Re6 64. Rb5 Kh6 65. Rb8 g6 66. Kf3 Ra6 67. Rb4 Ra3+ 68. Kg2 Ra7 69. Rb6 Kg7 70. Kf3 Ra3+ 71. Kg2 Ra4 72. Rb7+ Kh6 73. Rf7 f5 74. Kf2 Ra8 75. Kf3 Rg8 76. Rf6 Kg7 77. Ra6 Re8 78. Ra4 Kf6 79. Rb4 Re6 80. Ra4 Ke5 81. Ra5+ Kf6 82. Ra4 Rd6 83. Kf4 Rd3 84. Ra6+ Kg7 85. Ra7+ Kh6 86. Rf7 Rd1 87. Kf3 Rb1 88. Kf2 Rb8 89. Kf3 Rg8 90. Rf6 Kg7 91. Ra6 Re8 92. Ra4 Kf7 93. Rb4 Re6 94. Rc4 Rd6 95. Ra4 Ke6 96. Kf4 Kf6 97. Rb4 Ra6 98. Rc4 Ra3 99. Rc6+ Kg7 100. Rc7+ Kh6 101. Rf7 Ra4+ 102. Ke3 Ra5 103. Kf4 Ra3 104. Rb7 Ra4+ 105. Kf3 Ra8 106. Rf7 Ra6 107. Kf4 Re6 108. Ra7 Re1 109. Rf7 Re4+ 110. Kf3 Rg4 111. Kf2 f4 112. Rxf4 Rxf4+ 113. gxf4 Kg7 114. Ke3 Kf6 115. Ke4 Ke6 116. Ke3 Kf6 1/2-1/2

[Event "CZE-tht Extraliga 2018-19"]
[Site "Czech Republic"]
[Date "2019.02.10"]
[Round "8.6"]
[White "Wiewiora, Eneasz"]
[Black "Simek, Petr"]
[Result "1-0"]
[ECO "C55"]
[WhiteElo "2354"]
[BlackElo "2319"]
[Annotator "NA"]
[PlyCount "79"]
[EventDate "2018.11.03"]
[EventType "team-tourn"]
[EventCountry "CZE"]
[SourceTitle "playchess.com"]
[Source "ChessBase"]
[SourceQuality "1"]
[WhiteTeam "Cesky Tesin"]
[BlackTeam "Siesta"]
[TimeControl "40/5400+30:1800+30"]

1. e4 e5 2. Nf3 Nc6 3. Bc4 Nf6 4. d3 Be7 5. O-O O-O 6. Re1 d6 7. c3 Na5 8. Bb5 a6 9. Ba4 c5 10. Nbd2 Qc7 11. h3 h6 12. Nf1 Rd8 13. Ng3 Bd7 14. Bxd7 Rxd7 15. c4 b5 16. b3 Nc6 17. Nf5 Bf8 18. g4 Nh7 19. h4 Nd8 20. Be3 Ne6 21. Kh2 Kh8 22. Rg1 Qc6 23. g5 hxg5 24. Nxg5 Nexg5 25. Bxg5 bxc4 26. bxc4 Rb7 27. h5 Qe8 28. Qg4 Nxg5 29. Qxg5 Qd8 30. Qg4 Qf6 31. Rg3 Rb2 32. Rf3 Rab8 33. Rg1 Rxa2 34. Rg2 Kh7 35. h6 g6 36. Nd4 Qxf3 37. Nxf3 Bxh6 38. Ng5+ Kg7 39. Nxf7 Bf4+ 40. Kh3 1-0

[Event "CZE-tht Extraliga 2018-19"]
[Site "Czech Republic"]
[Date "2019.02.10"]
[Round "8.6"]
[White "Szotkowski, Jakub"]
[Black "Krejci, Jan"]
[Result "0-1"]
[ECO "D30"]
[WhiteElo "2345"]
[BlackElo "2558"]
[Annotator "ChessBase"]
[PlyCount "72"]
[EventDate "2018.11.03"]
[EventType "team-tourn"]
[EventCountry "CZE"]
[SourceTitle "playchess.com"]
[Source "ChessBase"]
[SourceQuality "1"]
[WhiteTeam "Beskydska"]
[BlackTeam "Novoborsky"]
[TimeControl "40/5400+30:1800+30"]

1. d4 d5 2. c4 e6 3. Nf3 a6 4. g3 dxc4 5. Bg2 b5 6. Ne5 c6 7. Nxc6 Qb6 8. Na5 Ra7 9. Qd2 c3 10. Qxc3 Rc7 11. Qd2 Rxc1+ 12. Qxc1 Qxa5+ 13. Nc3 Nf6 14. O-O Bd7 15. e4 b4 16. e5 bxc3 17. exf6 gxf6 18. Qf4 Qd8 19. bxc3 Bg7 20. Rfb1 O-O 21. Rb7 e5 22. Qh4 Bf5 23. Be4 Bxe4 24. Qxe4 f5 25. Qxf5 exd4 26. cxd4 Nc6 27. Rd1 Nxd4 28. Qd7 Qf6 29. Qd5 Ne2+ 30. Kg2 Nc3 31. Qd7 Nxd1 32. Qxd1 Qc6+ 33. Qf3 Qxf3+ 34. Kxf3 Rc8 35. Ra7 Rc3+ 36. Kg4 Ra3 0-1

[Event "CZE-tht Extraliga 2018-19"]
[Site "Czech Republic"]
[Date "2019.02.10"]
[Round "8.6"]
[White "Cerveny, Martin"]
[Black "Pokorny, Petr"]
[Result "1-0"]
[ECO "D10"]
[WhiteElo "2343"]
[BlackElo "2222"]
[Annotator "NA"]
[PlyCount "133"]
[EventDate "2018.11.03"]
[EventType "team-tourn"]
[EventCountry "CZE"]
[SourceTitle "playchess.com"]
[Source "ChessBase"]
[SourceQuality "1"]
[WhiteTeam "Duras"]
[BlackTeam "Siesta B"]
[TimeControl "40/5400+30:1800+30"]

1. c4 c6 2. d4 d5 3. cxd5 cxd5 4. Nc3 Nf6 5. Bf4 Qb6 6. Qb3 Qxb3 7. axb3 Na6 8. e3 e6 9. Nf3 Be7 10. Ne5 Nh5 11. Bb5+ Kf8 12. O-O Nxf4 13. exf4 f6 14. Nd3 Nb4 15. Rfc1 Nxd3 16. Bxd3 Bd7 17. Bb5 Bc6 18. Bxc6 bxc6 19. Ra6 Kf7 20. Rxc6 Rhc8 21. Ra6 Bb4 22. g3 Rc7 23. Na2 Rxc1+ 24. Nxc1 Be7 25. f5 exf5 26. Ne2 Bd8 27. Rd6 Ke7 28. Rxd5 Rb8 29. Nc1 Rb4 30. Nd3 Rxb3 31. Nc5 Rxb2 32. Rd7+ Ke8 33. Rxa7 Be7 34. Ne6 g6 35. Nc7+ Kf7 36. Nd5 Re2 37. Kf1 Re4 38. f3 Re6 39. Kf2 Kf8 40. h4 Bd8 41. Ra8 Rd6 42. Nxf6 Rxd4 43. Nxh7+ Kg7 44. Ra7+ Kg8 45. Kg2 Rd2+ 46. Kh3 Rf2 47. f4 Rd2 48. Rb7 Kh8 49. Nf8 Rd6 50. Rb8 Bc7 51. Nxg6+ Kg7 52. Rb7 Kxg6 53. Rxc7 Rd3 54. Rc6+ Kh5 55. Rc5 Kg6 56. h5+ Kf6 57. Rc6+ Kg7 58. Kh4 Ra3 59. h6+ Kh7 60. Rf6 Ra5 61. Kh5 Ra3 62. Rg6 Rb3 63. Rg7+ Kh8 64. Kh4 Rb1 65. Kg5 Rb3 66. Kxf5 Rb5+ 67. Ke4 1-0

[Event "CZE-tht Extraliga 2018-19"]
[Site "Czech Republic"]
[Date "2019.02.10"]
[Round "8.6"]
[White "Obsivac, Josef"]
[Black "Kislinsky, Alexey"]
[Result "0-1"]
[ECO "A57"]
[WhiteElo "2282"]
[BlackElo "2426"]
[Annotator "NA"]
[PlyCount "148"]
[EventDate "2018.11.03"]
[EventType "team-tourn"]
[EventCountry "CZE"]
[SourceTitle "playchess.com"]
[Source "ChessBase"]
[SourceQuality "1"]
[WhiteTeam "Brno"]
[BlackTeam "Lysa nad Labem"]
[TimeControl "40/5400+30:1800+30"]

1. d4 Nf6 2. c4 c5 3. d5 b5 4. Nd2 bxc4 5. e4 c3 6. bxc3 g6 7. Ngf3 Bg7 8. Bd3 O-O 9. O-O d6 10. Rb1 Nbd7 11. Re1 Qc7 12. c4 Nh5 13. Bf1 Nb6 14. Qc2 Bd7 15. Bb2 Bxb2 16. Rxb2 f6 17. Re3 Rab8 18. Ra3 Rb7 19. Nb1 Rfb8 20. Nc3 Qd8 21. Nd2 Qe8 22. g3 Ng7 23. Qb1 f5 24. Nb5 Bxb5 25. cxb5 fxe4 26. Qxe4 Nd7 27. Nc4 Nf6 28. Qd3 Rc7 29. Ra6 Qf7 30. Bg2 Nd7 31. a4 Nb6 32. a5 Nxc4 33. Qxc4 Qf6 34. Rb1 Nf5 35. Rc6 Rcb7 36. b6 Nd4 37. Qa6 Qf5 38. Re1 axb6 39. Rxb6 Rxb6 40. axb6 Qd7 41. h4 Kf8 42. Rb1 Qb7 43. Qd3 Qd7 44. Kh2 Qf5 45. Qxf5+ gxf5 46. Bf1 h6 47. Bd3 Kf7 48. Kg2 e5 49. dxe6+ Kxe6 50. b7 Kd5 51. Ba6 Kc6 52. Kf1 d5 53. Ke1 c4 54. Kd2 Nb3+ 55. Kc3 Nc5 56. Ra1 Kb6 57. Bxc4 Ne4+ 58. Kd4 dxc4 59. Kxc4 Nxf2 60. Rb1+ Kc6 61. Kd4 Ng4 62. Rf1 Rxb7 63. Rxf5 Rb4+ 64. Kd3 Kd6 65. Ra5 Ke6 66. Rc5 Rb3+ 67. Ke4 Nf2+ 68. Kd4 Rd3+ 69. Kc4 Rd6 70. Rc8 Kf5 71. Rf8+ Rf6 72. Rg8 Ng4 73. Kd5 Ra6 74. Kd4 Ra4+ 0-1

[Event "CZE-tht Extraliga 2018-19"]
[Site "Czech Republic"]
[Date "2019.02.10"]
[Round "8.7"]
[White "Bures, Jaroslav"]
[Black "Petr, Martin"]
[Result "0-1"]
[ECO "D31"]
[WhiteElo "2395"]
[BlackElo "2447"]
[Annotator "NA"]
[PlyCount "94"]
[EventDate "2018.11.03"]
[EventType "team-tourn"]
[EventCountry "CZE"]
[SourceTitle "playchess.com"]
[Source "ChessBase"]
[SourceQuality "1"]
[WhiteTeam "Poruba"]
[BlackTeam "Pardubice"]
[TimeControl "40/5400+30:1800+30"]

1. d4 d5 2. c4 e6 3. Nc3 a6 4. cxd5 exd5 5. Bf4 Nf6 6. e3 Bd6 7. Bxd6 Qxd6 8. Bd3 O-O 9. Nge2 Re8 10. Rb1 Nc6 11. a3 Ne7 12. Ng3 Ng6 13. O-O Nh4 14. Re1 Bd7 15. e4 dxe4 16. Ncxe4 Nxe4 17. Rxe4 Ng6 18. Rxe8+ Rxe8 19. Be4 b6 20. Qc2 Re7 21. Rd1 a5 22. h3 h6 23. Nf5 Bxf5 24. Bxf5 Nf4 25. Bg4 Qf6 26. Kh2 h5 27. Bf3 g5 28. Qc1 g4 29. hxg4 hxg4 30. Kg3 Re4 31. Bxe4 Ne2+ 32. Kxg4 Nxc1 33. Rxc1 Qxf2 34. Rc2 Qxd4 35. Kf3 c5 36. g4 b5 37. Bf5 b4 38. axb4 cxb4 39. Ke2 a4 40. Rd2 Qc4+ 41. Kd1 Qf1+ 42. Kc2 b3+ 43. Kc3 Qc1+ 44. Kd3 a3 45. bxa3 b2 46. Ke2 b1=Q 47. Bxb1 Qxb1 0-1

[Event "CZE-tht Extraliga 2018-19"]
[Site "Czech Republic"]
[Date "2019.02.10"]
[Round "8.7"]
[White "Kovar, Vojtech"]
[Black "Kawulok, Marek"]
[Result "1/2-1/2"]
[ECO "A15"]
[WhiteElo "2237"]
[BlackElo "2198"]
[Annotator "NA"]
[PlyCount "47"]
[EventDate "2018.11.03"]
[EventType "team-tourn"]
[EventCountry "CZE"]
[SourceTitle "playchess.com"]
[Source "ChessBase"]
[SourceQuality "1"]
[WhiteTeam "Siesta"]
[BlackTeam "Cesky Tesin"]
[TimeControl "40/5400+30:1800+30"]

1. c4 Nf6 2. g3 g6 3. b4 Bg7 4. Bb2 d6 5. Bg2 O-O 6. Nf3 a5 7. b5 c5 8. bxc6 Nxc6 9. Nc3 Ne4 10. Qc1 Nxc3 11. Bxc3 e5 12. Qb2 f5 13. d3 Qe7 14. Nd2 Bh6 15. Rb1 Rf7 16. c5 Be6 17. Nc4 Bxc4 18. Bxc6 Bxd3 19. Qxb7 Qxb7 20. Rxb7 Be4 21. Bxe4 fxe4 22. Rb5 Rc7 23. Bd2 e3 24. Bxe3 1/2-1/2

[Event "CZE-tht Extraliga 2018-19"]
[Site "Czech Republic"]
[Date "2019.02.10"]
[Round "8.7"]
[White "Bartos, Jan"]
[Black "Chytilek, Roman"]
[Result "1/2-1/2"]
[ECO "A46"]
[WhiteElo "2193"]
[BlackElo "2334"]
[Annotator "NA"]
[PlyCount "46"]
[EventDate "2018.11.03"]
[EventType "team-tourn"]
[EventCountry "CZE"]
[SourceTitle "playchess.com"]
[Source "ChessBase"]
[SourceQuality "1"]
[WhiteTeam "Siesta B"]
[BlackTeam "Duras"]
[TimeControl "40/5400+30:1800+30"]

1. d4 Nf6 2. Nf3 c5 3. e3 g6 4. dxc5 Qa5+ 5. Bd2 Qxc5 6. c4 Bg7 7. Bc3 O-O 8. Nbd2 d6 9. Be2 Qc7 10. O-O b6 11. b4 Bb7 12. Qb3 Nbd7 13. Rac1 Rac8 14. Qb2 Qb8 15. Rfd1 Rfd8 16. Nd4 Qa8 17. Bf1 Ne5 18. N4b3 Ned7 19. a4 Qb8 20. a5 bxa5 21. Nxa5 Ba8 22. Ra1 Qc7 23. Nab3 Rb8 1/2-1/2

[Event "CZE-tht Extraliga 2018-19"]
[Site "Czech Republic"]
[Date "2019.02.10"]
[Round "8.7"]
[White "Krajina, Ales"]
[Black "Cech, Pavel"]
[Result "1/2-1/2"]
[ECO "C01"]
[WhiteElo "2118"]
[BlackElo "2325"]
[Annotator "NA"]
[PlyCount "34"]
[EventDate "2018.11.03"]
[EventType "team-tourn"]
[EventCountry "CZE"]
[SourceTitle "playchess.com"]
[Source "ChessBase"]
[SourceQuality "1"]
[WhiteTeam "Ostrava"]
[BlackTeam "Turnov"]
[TimeControl "40/5400+30:1800+30"]

1. e4 e6 2. d4 d5 3. exd5 exd5 4. Bd3 Nf6 5. c3 Bd6 6. Bg5 O-O 7. Qc2 h6 8. Bh4 c5 9. dxc5 Bxc5 10. Ne2 Nc6 11. Nd2 Re8 12. Nb3 Bb6 13. O-O Bg4 14. Rae1 Rc8 15. Qd2 Ne5 16. Ned4 Nxd3 17. Qxd3 g5 1/2-1/2

[Event "CZE-tht Extraliga 2018-19"]
[Site "Czech Republic"]
[Date "2019.02.10"]
[Round "8.8"]
[White "Vymazal, Bronislav"]
[Black "Priehoda, Vitezslav"]
[Result "1/2-1/2"]
[ECO "D38"]
[WhiteElo "2366"]
[BlackElo "2362"]
[Annotator "NA"]
[PlyCount "64"]
[EventDate "2018.11.03"]
[EventType "team-tourn"]
[EventCountry "CZE"]
[SourceTitle "playchess.com"]
[Source "ChessBase"]
[SourceQuality "1"]
[WhiteTeam "Brno"]
[BlackTeam "Lysa nad Labem"]
[TimeControl "40/5400+30:1800+30"]

1. d4 Nf6 2. c4 e6 3. Nf3 d5 4. Nc3 Bb4 5. cxd5 exd5 6. Bg5 h6 7. Bh4 c5 8. e3 Nbd7 9. Be2 Qa5 10. O-O Bxc3 11. bxc3 c4 12. Qc2 Ne4 13. Rac1 Nb6 14. Nd2 Bf5 15. Nxe4 Bxe4 16. Qd2 O-O 17. f3 Bg6 18. Rfe1 Rfe8 19. Bf1 Rac8 20. Qb2 Rc6 21. g4 Rce6 22. Bf2 Qa4 23. Bg2 Qd7 24. Qb4 Na4 25. h3 Rb6 26. Qa3 Nb2 27. Bf1 Nd3 28. Bxd3 Bxd3 29. Qxa7 Ra6 30. Qc5 Rc8 31. Qb4 Rxa2 32. Ra1 Rca8 1/2-1/2

[Event "CZE-tht Extraliga 2018-19"]
[Site "Czech Republic"]
[Date "2019.02.10"]
[Round "8.8"]
[White "Vesselovsky, Serguei"]
[Black "Kriebel, Tadeas"]
[Result "1/2-1/2"]
[ECO "B23"]
[WhiteElo "2339"]
[BlackElo "2513"]
[Annotator "ChessBase"]
[PlyCount "41"]
[EventDate "2018.11.03"]
[EventType "team-tourn"]
[EventCountry "CZE"]
[SourceTitle "playchess.com"]
[Source "ChessBase"]
[SourceQuality "1"]
[WhiteTeam "Beskydska"]
[BlackTeam "Novoborsky"]
[TimeControl "40/5400+30:1800+30"]

1. e4 c5 2. Nc3 d6 3. Nge2 e5 4. Nd5 Ne7 5. Nec3 Nxd5 6. Nxd5 Be6 7. Bc4 Be7 8. d3 O-O 9. O-O Nc6 10. f4 exf4 11. Bxf4 Rb8 12. a4 a6 13. c3 b5 14. axb5 axb5 15. Bb3 c4 16. dxc4 bxc4 17. Bxc4 Rxb2 18. Qc1 Rb8 19. Qa3 Bxd5 20. Bxd5 Ne5 21. Bxe5 1/2-1/2